 Dungeon Crawl Stone Soup version 0.29-a0-1052-g6990b1bffc (webtiles) character file.

Game seed: 18197112444755840210

75 spaghetti the Ogre Mage (level 4, 39/39 HPs)
             Began as an Ogre Earth Elementalist on Aug 17, 2022.
             Was a Follower of Trog.
             Quit the game on level 2 of the Dungeon.
             The game lasted 00:02:32 (2014 turns).

spaghetti the Ogre Mage (Ogre Earth Elementalist)   Turns: 2014, Time: 00:02:33

Health: 39/39      AC:  3    Str: 12    XL:     4   Next: 31%
Magic:  9/9        EV:  9    Int: 18    God:    Trog [*.....]
Gold:   106        SH:  0    Dex:  9    Spells: 6/10 levels left

rFire   . . .      SeeInvis .   e - +6 dagger {short}
rCold   . . .      Faith    .   (no shield)
rNeg    . . .      Spirit   .   a - +0 robe
rPois   .          Reflect  .   (helmet restricted)
rElec   .          Harm     .   (no cloak)
rCorr   .          Rampage  .   (gloves unavailable)
Will    .....                   (boots unavailable)
Stlth   +.........              o - amulet of the acrobat
HPRegen 0.13/turn               (no ring)
MPRegen 0.11/turn               (no ring)

@: no status effects
A: large, unfitting armour, tough skin 1
a: Renounce Religion, Berserk


You were on level 2 of the Dungeon.
You worshipped Trog.
Trog was aware of your devotion.
You visited 1 branch of the dungeon, and saw 2 of its levels.

You collected 106 gold pieces.


Innate Abilities, Weirdness & Mutations

You are too large for most types of armour.
You have tough skin. (AC +1)


   Skills:
 - Level 1.7 Dodging
 - Level 1.4 Stealth
 - Level 3.5 Spellcasting
 - Level 2.1 Transmutations
 - Level 3.4 Earth Magic


You had 6 spell levels left.
You knew the following spells:

 Your Spells              Type           Power      Damage    Failure   Level
a - Sandblast             Erth           30%        2d9       3%          1
b - Stone Arrow           Conj/Erth      18%        3d8       22%         3

Your spell library contained the following spells:

 Spells                   Type           Power      Damage    Failure   Level
 Passwall                 Tmut/Erth      10%        N/A       8%          2
 Petrify                  Tmut/Erth      13%        N/A       45%         4

Inventory:

Hand Weapons
 e - a +6 dagger (weapon) {short}
   (You found it on level 1 of the Dungeon)
Missiles
 d - 17 stones {throwing}
 f - 5 silver boomerangs {throwing}
 h - 6 boomerangs {throwing}
 m - 2 poisoned darts {throwing}
Armour
 a - a +0 robe (worn)
Jewellery
 o - an amulet of the acrobat (around neck)
   (You found it on level 2 of the Dungeon)
Scrolls
 g - 2 scrolls of butterflies {unknown}
 i - a scroll of blinking {unknown}
 j - a scroll of teleportation {unknown}
 k - 2 scrolls of identify {unknown}
 p - a scroll of noise {unknown}
Potions
 b - a potion of magic
 c - a potion of berserk rage {unknown}
 l - a potion of degeneration {unknown}
 n - a potion of haste {unknown}

Dungeon Overview and Level Annotations

Branches:
Dungeon (2/15) Zot: 9956

Altars:
Trog

Shops:
D:1

( #..##.##.### ..###..
#...#.#..... ##.##...
#...###..##.### #...#...
#.#.....## ..# #...#...
#.....### #.##### #.......
###..########.....## #.......
##...............########.....
#..###.#..#...#.##..........#
#......#..#.@.#.##.#######...
#......#..#...#.....#######..
#...............# #..........
##..............# #######....
#.#...#......#.# #....
#.#...#......#.####### #....
#.....#......#.##....###....
#..............##....#......
#########.#...##...........


There were no monsters in sight!


Message History

Aim: a dart slug (100% to hit)
The blast of sand hits the dart slug!
You kill the dart slug!
Casting: Sandblast (safe; 4% risk of failure)
Confirm with . or Enter, or press ? or * to list all spells.
You can't see any susceptible monsters within range! (Use Z to cast anyway.)
You see here a +0 club {mace}.
o - an amulet of the acrobat 😕 HP[+1]
You start putting on your amulet.
You continue putting on your amulet of the acrobat.
Keep equipping yourself? [Y]es or [N]o only, please.
Keep equipping yourself? [Y]es or [N]o only, please.
Keep equipping yourself? [Y]es or [N]o only, please.
Keep equipping yourself? [Y]es or [N]o only, please.
Keep equipping yourself?
You continue putting on your amulet of the acrobat. x3
The kobold throws a stone.
The stone hits you but does no damage.
You continue putting on your amulet of the acrobat.
You finish putting on your amulet of the acrobat.
You feel ready to tumble and roll out of harm's way.
o - an amulet of the acrobat (around neck) Unknown command.
Casting: Sandblast (safe; 4% risk of failure)
Confirm with . or Enter, or press ? or * to list all spells.
Aiming: Sandblast (safe; 4% risk of failure)
Press: ? - help, Shift-Dir - straight line, f - kobold
Aim: a kobold, wielding a +0 short sword and quivering stones (77% to hit)
The blast of sand hits the kobold!
You kill the kobold!
d - 11 stones {throwing} (gained 2)
Things that are here:
a +0 short sword {short}; a kobold corpse Key pressed, stopping explore.
You now have 98 gold pieces (gained 7).
An adder comes into view. 😎 HP[+3] MP[+1]
Your hp is fully restored (39).
Your mp is fully restored (9).
An adder is nearby!
An adder is nearby!
An adder is nearby!
The adder hisses angrily.
Casting: Sandblast (safe; 4% risk of failure)
Confirm with . or Enter, or press ? or * to list all spells.
Aiming: Sandblast (safe; 4% risk of failure)
Press: ? - help, Shift-Dir - straight line, f - adder
Aim: an adder (70% to hit)
The blast of sand hits the adder!
The adder bites you. 😕 HP[-2] MP[-1]
You take 2 damage, and now have 37/39 hp.
You lost 1 mp, and now have 8/9 mp.
Casting: Sandblast (safe; 4% risk of failure)
Confirm with . or Enter, or press ? or * to list all spells.
Aiming: Sandblast (safe; 4% risk of failure)
Press: ? - help, Shift-Dir - straight line, f/p - adder
Aim: an adder (almost dead, 70% to hit)
The blast of sand hits the adder!
You kill the adder! 😕 MP[-1]
You lost 1 mp, and now have 7/9 mp.
Casting: Sandblast (safe; 3% risk of failure)
Confirm with . or Enter, or press ? or * to list all spells.
You can't see any susceptible monsters within range! (Use Z to cast anyway.)
d - 17 stones {throwing} (gained 6)
p - a scroll labelled WUPUOG MUETOTE 😎 HP[+2] MP[+2]
Your hp is fully restored (39).
Your mp is fully restored (9).
Found a faded altar of an unknown god.
g - 2 scrolls labelled AQESORPH MUZU (gained 1)
You now have 106 gold pieces (gained 8).
Key pressed, stopping explore.
A frilled lizard comes into view.
The frilled lizard hisses angrily.
A frilled lizard is nearby!
Casting: Sandblast (safe; 3% risk of failure)
Confirm with . or Enter, or press ? or * to list all spells.
Aiming: Sandblast (safe; 3% risk of failure)
Press: ? - help, Shift-Dir - straight line, f - frilled lizard
Aim: a frilled lizard (70% to hit)
The blast of sand hits the frilled lizard!
You kill the frilled lizard! 😎 MP[-1]
You lost 1 mp, and now have 8/9 mp.
Search for what [? for help]? altar
There is a faded altar of an unknown god here. 😎 MP[+1]
Your mp is fully restored (9).
You cannot tell which god this altar belongs to.
Convert to them anyway?
Trog accepts your prayer! Trog welcomes you!
You can now go berserk at will.
Unknown command.
Press < or > to pray at altars.
Unknown command.
Press < or > to pray at altars.
Are you sure you want to abandon this character and quit the game? (Confirm with "yes".)

Skill      XL: |  1  2  3 |
---------------+----------+-----
Transmutations | 1 2 |  2.1
Earth Magic    | 3 |  3.4
Spellcasting   | 3 |  3.5
Dodging        | |  1.7
Stealth        | |  1.4

Action                   |  1- 3 |  4- 6 || total
-------------------------+-------+-------++-------
Melee: Dagger            |    15 |       ||    15
 Cast: Sandblast         |    50 |    10 ||    60
       Stone Arrow       |     1 |       ||     1
 Stab: Sleeping          |     1 |       ||     1
Armor: Robe              |    15 |     1 ||    16
Dodge: Dodged            |    29 |     3 ||    32

Levels and vault maps discovered:
D:1:      matt_arrival_spirals, layout_basic, serial_shops,
          nicolae_shop_bloodbath_and_beyond
D:2:      layout_rooms, hellmonk_ecumenical_altar_lost_god,
          grunt_decor_one_mirror, minmay_fountain_box, minmay_ruptured

Notes
Turn   | Place    | Note
-------+----------+-------------------------------------------
     0 | D:1      | spaghetti the Ogre Earth Elementalist began the quest for
                  | the Orb.
     0 | D:1      | Reached XP level 1. HP: 16/16 MP: 3/3
     0 | D:1      | magus.rc [v1.9.6]
    59 | D:1      | Reached skill level 1 in Transmutations
   203 | D:1      | Found Lyaquxke's Weapon Emporium.
   211 | D:1      | Reached XP level 2. HP: 24/24 MP: 2/5
   619 | D:1      | Reached skill level 3 in Earth Magic
   706 | D:1      | Reached skill level 3 in Spellcasting
   771 | D:1      | Reached XP level 3. HP: 28/31 MP: 3/7
  1633 | D:2      | Learned a level 3 spell: Stone Arrow
  1757 | D:2      | Reached skill level 2 in Transmutations
  1757 | D:2      | Reached XP level 4. HP: 36/39 MP: 3/9
  1972 | D:2      | Found a faded altar of an unknown god.
  2013 | D:2      | Prayed at the altar of an unknown god.
  2013 | D:2      | Became a worshipper of Trog the Wrathful
  2013 | D:2      | Reached * piety under Trog
  2014 | D:2      | Quit the game

Vanquished Creatures
  2 adders (D:2)
  3 dart slugs
  4 ball pythons
  5 bats
  3 endoplasms (D:1)
  3 giant cockroaches
  3 goblins (D:2)
  3 hobgoblins
  7 jackals
  2 quokkas
  5 frilled lizards
  4 kobolds
  3 rats (D:1)
47 creatures vanquished.

Table legend:
 A = Non-vault XP
 B = Vault XP
 C = Vault XP percentage of total XP
 D = Non-vault monster count
 E = Vault monster count
 F = Vault count percentage of total count
                 A         B        C        D         E       F
            +---------+---------+-------+---------+---------+-------
      Total |     101 |       7 |   6.5 |      44 |       3 |   6.4
            +---------+---------+-------+---------+---------+-------
        D:1 |      52 |       0 |   0.0 |      29 |       0 |   0.0
        D:2 |      49 |       7 |  12.5 |      15 |       3 |  16.7
            +---------+---------+-------+---------+---------+-------

Illustrated notes

Table legend:
 A = Kills in this place as a percentage of kills in entire the game.
 B = Kills by you in this place as a percentage of kills by you in the entire game.
 C = Kills by friends in this place as a percentage of kills by friends in the entire game.
 D = Other kills in this place as a percentage of other kills in the entire game.
 E = Experience gained in this place as a percentage of experience gained in the entire game.
 F = Experience gained in this place divided by the number of levels of this place that you have seen.
                   A       B       C       D       E      F
               +-------+-------+-------+-------+-------+----------------------
         Total | 100.0 | 100.0 |   N/A |   N/A | 100.0 |  54.0
       Dungeon | 100.0 | 100.0 |   N/A |   N/A | 100.0 |  54.0
               +-------+-------+-------+-------+-------+----------------------

Table legend: (Time is in decaauts)
 A = Elapsed time spent in this place.
 B = Non-inter-level travel time spent in this place.
 C = Inter-level travel time spent in this place.
 D = Time resting spent in this place.
 E = Time spent auto-exploring this place.
 F = Levels seen in this place.
 G = Mean time per level.
                   A        B        C        D        E       F      G
               +--------+--------+--------+--------+--------+-----+--------+
         Total |   2043 |   1997 |     46 |      0 |   1741 |   2 | 1021.5 |
       Dungeon |   2043 |   1997 |     46 |      0 |   1741 |   2 | 1021.5 |
               +--------+--------+--------+--------+--------+-----+--------+

Top non-repeatable levels by time:
     D:1: 1418 daAuts
     D:2: 624 daAuts
